 Dungeon Crawl Stone Soup version 0.22-a0-410-g97be04f (webtiles) character file.

1899 w00t the Magician (level 8, -5/62 HPs)
             Began as a Mummy Conjurer on May 11, 2018.
             Was a Believer of Vehumet.
             Incinerated by arthad's ghost (7 damage)
             ... with a sticky flame
             ... on level 6 of the Dungeon.
             The game lasted 00:15:15 (7924 turns).

w00t the Magician (Mummy Conjurer)                  Turns: 7924, Time: 00:15:15

Health: -5/62      AC: 13    Str: 11    XL:     8   Next: 93%
Magic:  0/15       EV: 11    Int: 16    God:    Vehumet [**....]
Gold:   133        SH:  0    Dex: 13    Spells: 12/17 levels left

rFire    x . .     SeeInvis .   a - +2 dagger (venom)
rCold    + . .     Gourm    .   (no shield)
rNeg     + + +     Faith    .   j - +1 ring mail (curse)
rPois    ∞         Spirit   +   k - +2 helmet
rElec    .         Reflect  .   i - +2 cloak
rCorr    .         Harm     .   (no gloves)
MR       +....                  (no boots)
Stlth    ..........             f - amulet of guardian spirit {Spirit}
HPRegen  0.20/turn              h - ring of loudness (curse) {Stlth-}
MPRegen  0.14/turn              (no ring)

@: liquid flames, about to teleport, glowing
A: no food or potions, fire vulnerability, cold resistance 1, negative energy
resistance 3, torment resistance, unbreathing
a: Renounce Religion


You were on level 6 of the Dungeon.
You worshipped Vehumet.
Vehumet was pleased with you.
You were not hungry.

You visited 2 branches of the dungeon, and saw 7 of its levels.

You collected 133 gold pieces.

Inventory:

Hand Weapons
 a - a +2 dagger of venom (weapon)
Missiles
 d - 167 stones (quivered)
 g - 32 sling bullets
Armour
 c - a +0 robe
 i - a +2 cloak (worn)
 j - a cursed +1 ring mail (worn)
 k - a +2 helmet (worn)
Jewellery
 f - an amulet of guardian spirit (around neck) {Spirit}
 h - a cursed ring of loudness (left hand) {Stlth-}
Scrolls
 b - a scroll of enchant weapon
 e - 4 scrolls of amnesia
 l - 5 scrolls of identify {@r1}


   Skills:
 - Level 5.0 Fighting
 - Level 5.2 Short Blades
 + Level 3.2 Armour
 + Level 3.2 Dodging
 - Level 1.5 Stealth
 - Level 5.2 Spellcasting
 - Level 5.0 Conjurations


You had 12 spell levels left.
You knew the following spells:

 Your Spells              Type           Power        Failure   Level  Hunger
a - Magic Dart            Conj           ###.         4%          1    N/A
k - Shock                 Conj/Air       ##..         12%         1    N/A
r - Searing Ray           Conj           ###...       6%          2    N/A
t - Sting                 Conj/Pois      ##..         12%         1    N/A

Dungeon Overview and Level Annotations

Branches:
Dungeon (6/15)             Temple (1/1) D:4

Altars:
Gozag
Kikubaaqudgha
Makhleb
Nemelex Xobeh
Okawaru
Qazlal
Sif Muna
Trog
Uskayaw
Vehumet
Xom
Yredelemnul

Shops:
D:4 %

Annotations:
D:4 hellotanjent's ghost, amateur GrFi
D:6 arthad's ghost, novice GrFE


Innate Abilities, Weirdness & Mutations

You do not eat or drink.
Your flesh is vulnerable to fire.
You are immune to poison.
Your flesh is cold resistant. (rC+)
You are immune to negative energy. (rN+++)
You are immune to unholy pain and torment.
You can survive without breathing.


Message History

* * * LOW HITPOINT WARNING * * *
Arthad's ghost sprays you with burning goo.
The sticky flame hits you!
You are covered in liquid flames!
You see here a hound corpse.
You hit arthad's ghost but do no damage.
Arthad's ghost is heavily damaged.
You are covered in liquid flames!
* * * LOW HITPOINT WARNING * * *
You aren't carrying any items that you can evoke.
You can't drink.
Unknown command.
As you read the scroll of teleportation, it crumbles to dust.
You feel strangely unstable.
You are covered in liquid flames!
* * * LOW HITPOINT WARNING * * *
Arthad's ghost casts a spell at you. The puff of flame hits you!
You are covered in liquid flames!
You die...

.. .# #.#. #####
...W... #... .#.#.#
##.!## ..... #
##...@####†#.#.# .##
#.....†W........
...#...##...#.#.#.#.
##.#..#####.........
##.#....<#####.#.#.#.#.
......[.....###.## .#
............# .# #
............# .#
............# ..


You could see arthad's ghost.

Vanquished Creatures
  The ghost of Getoffmy the Changer, an amateur OpTm (D:5)
  Eustachio (D:5)
  3 ogres
  A necrophage (D:5)
  2 centaurs
  A bullfrog (D:5)
  Blork the orc (D:5)
  2 vampire bats (D:5)
  A howler monkey (D:6)
  A bullfrog zombie (D:5)
  A quasit (D:4)
  A centaur zombie (D:5)
  3 crimson imps
  3 orc priests
  2 hounds
  An iguana (D:5)
  5 orc wizards
  Natasha (twice) (D:3)
  2 worker ants (D:5)
  A hound skeleton (D:4)
  A gnoll (D:4)
  8 adders
  A shadow imp (D:5)
  2 worms
  4 dart slugs
  4 leopard geckos
  13 orcs
  17 bats
  7 giant cockroaches
  5 goblins
  10 hobgoblins
  7 jackals
  2 quokkas
  7 frilled lizards
  5 kobolds
  A quokka zombie (D:6)
  11 rats
140 creatures vanquished.

Vanquished Creatures (others)
  2 orcs (D:3)
2 creatures vanquished.

Grand Total: 142 creatures vanquished

Notes
Turn   | Place    | Note
-------+----------+-------------------------------------------
     0 | D:1      | w00t the Mummy Conjurer began the quest for the Orb.
     0 | D:1      | Reached XP level 1. HP: 13/13 MP: 4/4
   220 | D:1      | Reached XP level 2. HP: 8/19 MP: 0/6
   224 | D:1      | Learned a level 2 spell: Searing Ray
  1099 | D:1      | Reached XP level 3. HP: 24/24 MP: 3/7
  2462 | D:2      | Reached XP level 4. HP: 30/30 MP: 4/9
  3029 | D:2      | Found a sparkling altar of Nemelex Xobeh.
  3336 | D:3      | Found a radiant altar of Vehumet.
  3348 | D:3      | Became a worshipper of Vehumet
  3481 | D:3      | Noticed a centaur
  3488 | D:3      | HP: 1/30 [centaur/arrow (8)]
  3491 | D:3      | Killed a centaur
  3491 | D:3      | Reached skill level 5 in Conjurations
  3491 | D:3      | Reached XP level 5. HP: 2/35 MP: 0/11
  3885 | D:3      | Reached skill level 5 in Spellcasting
  4193 | D:3      | Reached XP level 6. HP: 42/42 MP: 5/13
  4518 | D:3      | Noticed Natasha
  4525 | D:3      | Killed Natasha
  4525 | D:3      | Reached skill level 1 in Fighting
  4615 | D:3      | Noticed Natasha
  4618 | D:3      | Killed Natasha
  4618 | D:3      | Reached skill level 1 in Short Blades
  4896 | D:4      | Found a shimmering altar of Xom.
  4990 | D:4      | Found a staircase to the Ecumenical Temple.
  5018 | D:4      | Noticed hellotanjent's ghost (amateur GrFi)
  5027 | D:5      | Entered Level 5 of the Dungeon
  5220 | D:5      | Reached XP level 7. HP: 51/51 MP: 7/14
  5289 | D:5      | Reached * piety under Vehumet
  5289 | D:5      | Offered knowledge of Shock by Vehumet.
  5372 | D:5      | Noticed Eustachio
  5569 | D:5      | Killed Eustachio
  5587 | D:5      | Noticed Getoffmy's ghost (amateur OpTm)
  5847 | D:5      | Learned a level 1 spell: Shock
  5873 | D:5      | Reached XP level 8. HP: 61/61 MP: 15/15
  5893 | D:5      | Reached skill level 5 in Fighting
  6215 | D:5      | Found the +4 Vampire's Tooth {vamp}
  6248 | D:5      | Killed Getoffmy's ghost
  6248 | D:5      | Offered knowledge of Sting by Vehumet.
  6248 | D:5      | Reached skill level 5 in Short Blades
  6369 | D:5      | Reached skill level 1 in Armour
  6373 | D:5      | Reached ** piety under Vehumet
  6556 | D:5      | Noticed Blork the orc
  6564 | D:5      | Killed Blork the orc
  7137 | Temple   | Entered the Ecumenical Temple
  7202 | D:4      | Found Zoemuzif's Food Shop.
  7205 | D:4      | Learned a level 1 spell: Sting
  7907 | D:6      | Noticed arthad's ghost (novice GrFE)
  7923 | D:6      | HP: 2/62 [burnt (8)]
  7924 | D:6      | Incinerated by arthad's ghost

Vault maps used:
D:1:      zelgadis_glass_arrival_small
D:2:      nemelex_altar_shiori
D:3:      fiery_altar_vehumet, uniq_natasha
D:4:      minmay_temple_entry_junction, serial_shops, shop, led_xom_imps
D:5:      first_ration, nicolae_sextant, st_stairs_5,
          minmay_guarded_unrand_vampires_tooth, uniq_blork_the_orc,
          uniq_eustachio
D:6:      grunt_temple_overflow_open, minitemple, st_stairs_11, uniq_duvessa
Temple:   eino_temple_lava

Skill      XL: |  1  2  3  4  5  6  7  8 |
---------------+-------------------------+-----
Spellcasting   | 3 4 5 |  5.2
Conjurations   | 4 5 |  5.0
Fighting       | 2 4 5 |  5.0
Short Blades   | 2 4 5 |  5.2
Armour         | 3 |  3.2
Dodging        | 3 |  3.2
Stealth        | |  1.5

Action                   |  1- 3 |  4- 6 |  7- 9 || total
-------------------------+-------+-------+-------++-------
Melee: Club              |     1 |       |       ||     1
       Dagger            |     4 |    49 |   258 ||   311
Throw: Stone             |     3 |       |       ||     3
 Cast: Magic Dart        |    86 |    95 |    53 ||   234
       Searing Ray       |     5 |     7 |    13 ||    25
       Sting             |       |       |     4 ||     4
       Shock             |       |       |     3 ||     3
  Use: Scroll            |     3 |     1 |     3 ||     7
Armor: Ring mail         |     1 |    37 |   156 ||   194
Dodge: Dodged            |    13 |    54 |   176 ||   243

Table legend:
 A = Spawn XP
 B = Non-spawn XP
 C = Spawn XP percentage of total XP
 D = Spawn monster count
 E = Non-spawn monster count
 F = Spawn count percentage of total count
 G = Total turns spent on level
                    A         B        C        D         E        F      G
               +---------+---------+-------+---------+---------+-------+---------
         Total |       0 |    2713 |   0.0 |       0 |     140 |   0.0 |  7924
               +---------+---------+-------+---------+---------+-------+---------
           D:1 |       0 |      48 |   0.0 |       0 |      24 |   0.0 |  1802
           D:2 |       0 |     131 |   0.0 |       0 |      28 |   0.0 |  1534
           D:3 |       0 |     298 |   0.0 |       0 |      30 |   0.0 |  1481
           D:4 |       0 |     427 |   0.0 |       0 |      11 |   0.0 |   512
           D:5 |       0 |    1664 |   0.0 |       0 |      42 |   0.0 |  2452
           D:6 |       0 |     145 |   0.0 |       0 |       5 |   0.0 |    80
               +---------+---------+-------+---------+---------+-------+---------
